 Dungeon Crawl Stone Soup version 0.24.0-7-gb3623d2c88 (webtiles) character file.

Game seed: 428733299956316069, levelgen mode: deterministic

872 Aviak the Sneak (level 8, -8/46 HPs)
             Began as an Octopode Enchanter on Nov 2, 2019.
             Mangled by a two-headed ogre
             ... wielding a +0 giant spiked club
              (28 damage)
             ... on level 5 of the Dungeon.
             The game lasted 00:12:38 (4989 turns).

Aviak the Sneak (Octopode Enchanter)                Turns: 4989, Time: 00:12:39

Health: -8/46      AC:  1    Str:  8    XL:     8   Next: 4%
Magic:  5/12       EV: 15    Int: 20    God:
Gold:   262        SH:  0    Dex: 16    Spells: 1/13 levels left

rFire    . . .     SeeInvis .   r - +2 dagger (protect)
rCold    . . .     Gourm    .   (no shield)
rNeg     . . .     Faith    .   (helmet restricted)
rPois    .         Spirit   .   p - amulet of magic regeneration
rElec    .         Reflect  .   b - ring of flight
rCorr    .         Harm     .   w - +3 ring of intelligence
MR       +....     Clarity  +   M - ring of protection from magic
Stlth    +++++.....             (no ring)
HPRegen  0.15/turn              (no ring)
MPRegen  0.38/turn              (no ring)
                                (no ring)
                                (no ring)

@: no status effects
A: almost no armour, stealthy swim, amphibious, 8 rings, constrict 8, antennae
1, tentacle spike 1, camouflage 1, agile 1, clarity, gelatinous body 1
a: Evoke Flight


You were on level 5 of the Dungeon.
You were near starving.

You visited 1 branch of the dungeon, and saw 5 of its levels.

You collected 262 gold pieces.

Inventory:

Hand Weapons
 a - a +2 dagger
 r - a +2 dagger of protection (weapon)
Armour
 n - a +0 buckler
Jewellery
 b - a ring of flight (left tentacle)
 d - an uncursed ring of fire
 p - an amulet of magic regeneration (around mantle)
 w - a +3 ring of intelligence (right tentacle)
 M - a ring of protection from magic (on tentacle)
Wands
 o - a wand of iceblast (4)
Scrolls
 g - 2 scrolls of fog
 t - 3 scrolls of teleportation
Potions
 e - a potion of agility
 f - 2 potions of lignification {!q}
 h - 2 potions of heal wounds
 q - a potion of mutation {!q}
 s - 2 potions of brilliance {unknown}
 v - a potion of might {unknown}
Comestibles
 c - 4 rations


   Skills:
 + Level 4.1 Short Blades
 + Level 4.3 Dodging
 + Level 6.9 Stealth
 - Level 3.1 Spellcasting
 + Level 1.9 Conjurations
 + Level 5.0 Hexes


You had one spell level left.
You knew the following spells:

 Your Spells              Type           Power        Failure   Level  Hunger
a - Corona                Hex            ###....      1%          1    None
b - Ensorcelled Hibernat  Hex/Ice        ##....       8%          2    ##.....
c - Confuse               Hex            ###.....     5%          3    ###....
d - Tukima's Dance        Hex            ###.....     5%          3    ###....
e - Dazzling Spray        Conj/Hex       ###...       10%         3    ###....

Your spell library contained the following spells:

 Spells                   Type           Power        Failure   Level  Hunger


Dungeon Overview and Level Annotations

Branches:
Dungeon (5/15)
 Temple: D:4-7

Altars:
Ashenzari
Cheibriados
Nemelex Xobeh
Okawaru
Yredelemnul
The Shining One

Shops:
D:4 =

Annotations:
D:3 2 transporters, Esekla's ghost, amateur DEGl


Innate Abilities, Weirdness & Mutations

You cannot wear most types of armour.
You are very stealthy in the water. (Stealth+)
You are amphibious.
You can wear up to eight rings at the same time.
You can use your tentacles to constrict eight enemies at once.
Your skin changes colour to match your surroundings (Stealth+).
Your rubbery body absorbs attacks. (AC +1, EV +1)
You have a pair of small antennae on your head.
One of your tentacles bears a spike.
You are agile. (Dex +2)
You possess an exceptional clarity of mind.


Message History

The two-headed ogre misses you.
Casting: Dazzling Spray (safe; 10% risk of failure)
Confirm with . or Enter, or press ? or * to list all spells.
Aiming: Dazzling Spray (safe; 10% risk of failure)
Press: ? - help, Shift-Dir - straight line, f/p - two-headed ogre
Aim: a two-headed ogre, wielding a +0 giant spiked club and a +0 giant club (almost dead)
The spray of energy hits the two-headed ogre.
The two-headed ogre is almost dead.
Casting: Dazzling Spray (safe; 10% risk of failure)
Confirm with . or Enter, or press ? or * to list all spells.
Aiming: Dazzling Spray (safe; 10% risk of failure)
Press: ? - help, Shift-Dir - straight line, f/p - two-headed ogre
Aim: a two-headed ogre, wielding a +0 giant spiked club and a +0 giant club (almost dead)
The spray of energy hits the two-headed ogre.
The two-headed ogre is almost dead.
You are near starving!
The two-headed ogre closely misses you.
The two-headed ogre hits you with a +0 giant club!!
Ouch! That really hurt!
You die...

### #.# #.#
#######.#
........#
#######O#
######@###
..........#
.######.#.###
#.#.<.#
#>#.#.#
#.#.#(#
..###.# ..#
... .. #.#


You could see a two-headed ogre.

Vanquished Creatures
  An ice beast (D:3)
  3 ogres (D:4)
  A bullfrog zombie (D:4)
  Crazy Yiuf (D:3)
  3 orc wizards
  Terence (D:2)
  2 iguanas (D:4)
  4 worker ants
  A hound skeleton (D:5)
  Robin (D:3)
  5 adders
  2 worms (D:4)
  4 dart slugs (D:1)
  A leopard gecko (D:2)
  20 orcs
  4 ball pythons
  5 bats
  11 giant cockroaches
  10 goblins
  13 hobgoblins
  9 frilled lizards
  10 kobolds
  A quokka skeleton (D:4)
  13 rats
126 creatures vanquished.

Vanquished Creatures (others)
  A dancing weapon (D:5)
1 creature vanquished.

Grand Total: 127 creatures vanquished

Notes
Turn   | Place    | Note
-------+----------+-------------------------------------------
     0 | D:1      | Aviak the Octopode Enchanter began the quest for the Orb.
     0 | D:1      | Reached XP level 1. HP: 11/11 MP: 3/3
   329 | D:1      | Reached XP level 2. HP: 13/17 MP: 5/5
   346 | D:1      | Learned a level 2 spell: Ensorcelled Hibernation
   662 | D:1      | Reached XP level 3. HP: 18/21 MP: 6/6
   667 | D:1      | Learned a level 3 spell: Confuse
  1483 | D:2      | Noticed Terence
  1498 | D:2      | Killed Terence
  1498 | D:2      | Reached XP level 4. HP: 17/27 MP: 3/7
  1601 | D:2      | Found an iron altar of Okawaru.
  1619 | D:2      | Found a shattered altar of Ashenzari.
  1759 | D:2      | Found a sparkling altar of Nemelex Xobeh.
  2055 | D:3      | Found a snail-covered altar of Cheibriados.
  2056 | D:3      | Noticed an ice beast
  2191 | D:3      | Gained mutation: You are agile. (Dex +2) [potion of
                  | mutation]
  2191 | D:3      | Gained mutation: One of your tentacles bears a spike.
                  | [potion of mutation]
  2191 | D:3      | Gained mutation: You have a pair of small antennae on your
                  | head. [potion of mutation]
  2191 | D:3      | Gained mutation: You possess an exceptional clarity of
                  | mind. [potion of mutation]
  2296 | D:3      | Noticed Esekla's ghost (amateur DEGl)
  2300 | D:3      | Found a transporter.
  2329 | D:3      | Noticed Robin
  2364 | D:2      | Reached XP level 5. HP: 22/31 MP: 5/9
  2412 | D:2      | Learned a level 3 spell: Dazzling Spray
  2457 | D:3      | Killed Robin
  2457 | D:3      | Reached skill level 5 in Stealth
  2969 | D:3      | Killed an ice beast
  2969 | D:3      | Reached XP level 6. HP: 24/36 MP: 4/10
  3042 | D:3      | Found a transporter.
  3501 | D:3      | Found a runed translucent door.
  3502 | D:3      | Noticed Crazy Yiuf
  3509 | D:3      | Killed Crazy Yiuf
  3686 | D:4      | Reached skill level 6 in Stealth
  3686 | D:4      | Reached XP level 7. HP: 35/41 MP: 4/11
  4171 | D:4      | Reached skill level 1 in Conjurations
  4296 | D:4      | Found Voytono's Jewellery Shop.
  4539 | D:4      | Learned a level 3 spell: Tukima's Dance
  4614 | D:4      | Reached skill level 5 in Hexes
  4614 | D:4      | Reached XP level 8. HP: 41/46 MP: 12/12
  4760 | D:4      | Found a basalt altar of Yredelemnul.
  4762 | D:4      | Noticed a profane servitor
  4768 | D:4      | Found a glowing golden altar of the Shining One.
  4770 | D:4      | Noticed an angel
  4882 | D:5      | Entered Level 5 of the Dungeon
  4980 | D:5      | Noticed a two-headed ogre
  4989 | D:5      | Mangled by a two-headed ogre

Levels and vault maps discovered:
D:1:      minmay_arrival_cross, layout_basic, serial_glass, glass_columns_b,
          glass_columns_b
D:2:      layout_loops_cross, nicolae_overflow_crystal_walls,
          old_standard_altar, lemuel_crystal_altar, uniq_terence
D:3:      layout_loops_ring, cheibriados_altar_1, portal_sewer_entry_e,
          gammafunk_ghost_mausoleum, minivault_25, dk_noncrumbling_2,
          uniq_robin, uniq_crazy_yiuf_cottage
D:4:      layout_rooms, grunt_temple_overflow_holy_war, serial_forest,
          infiniplex_forest_lined_2, infiniplex_forest_zigzag_1,
          infiniplex_forest_clump_small, infiniplex_forest_lined_room_3,
          serial_shops, nicolae_shop_stone
D:5:      layout_basic, serial_shops, shop, first_ration

Skill      XL: |  1  2  3  4  5  6  7 |
---------------+----------------------+-----
Short Blades   | 2 3 4 |  4.1
Stealth        | 5 6 |  6.9
Dodging        | 3 4 |  4.3
Spellcasting   | 3 |  3.1
Hexes          | 4 5 |  5.0
Conjurations   | 1 |  1.9

Action                   |  1- 3 |  4- 6 |  7- 9 || total
-------------------------+-------+-------+-------++-------
Melee: Dagger            |    99 |   175 |    98 ||   372
       Constrict         |    26 |    38 |    18 ||    82
       Tentacles         |    16 |    25 |    18 ||    59
       Kick              |       |    28 |    29 ||    57
 Cast: Corona            |     2 |     1 |       ||     3
       Ensorcelled Hiber |     3 |     1 |     4 ||     8
       Confuse           |     4 |    14 |    11 ||    29
       Dazzling Spray    |       |       |     5 ||     5
       Tukima's Dance    |       |       |     1 ||     1
  Use: Potion            |       |     3 |       ||     3
       Scroll            |       |     3 |     7 ||    10
 Stab: Sleeping          |     9 |    10 |     6 ||    25
       Confused          |     2 |     6 |     2 ||    10
       Distracted        |       |       |     1 ||     1
       Invisible         |       |       |     1 ||     1
  Eat: Chunk             |     2 |     6 |     1 ||     9
       Ration            |       |     1 |     1 ||     2
Armor: Skin              |     7 |    40 |    13 ||    60
Dodge: Dodged            |    72 |    69 |    57 ||   198
